 Dungeon Crawl Stone Soup version 0.31-a0-466-g98c9adc2b6 (webtiles) character file.

Game seed: 753961677838483017

2051011 motkurizz the Slayer (level 26, 312/312 HPs)
             Began as a Barachi Ice Elementalist on Aug 5, 2023.
             Was the Champion of Cheibriados.
             Escaped with the Orb
             ... and 3 runes on Aug 6, 2023!
             The game lasted 03:54:07 (45794 turns).

motkurizz the Slayer (Barachi Ice Elementalist)    Turns: 45794, Time: 03:54:08

Health: 312/312    AC: 33    Str: 27    XL:     26   Next: 69%
Magic:  36/36      EV: 51    Int: 38    God:    Cheibriados [******]
Gold:   5539       SH:  0    Dex: 39    Spells: 7/43 levels left

rFire   + . .        y - +9 longbow (heavy)
rCold   . . .        (shield currently unavailable)
rNeg    + . .        J - melded +2 leather armour {Will+}
rPois   ∞            r - +2 helmet {SInv}
rElec   +            Y - +2 cloak {Will+}
rCorr   +            L - melded +1 pair of gloves {Stlth+}
SInv    +            G - melded +2 pair of boots
Will    ++++.        w - amulet of regeneration
Stlth   ++           C - ring "Enkagg" {Int+5 Dex+5 SInv}
HPRegen 1.52/turn    n - ring "Xydozavu" {rF++ Will+ rCorr Str+4 Dex-3}
MPRegen 0.25/turn

%: random rage (3%)
@: statue-form, very slow
A: slow and powerful, torment resistance 1, boosted hp, amphibious, (slowness
1), strong legs 2, +LOS, berserk 1, deformed body, strong-willed 1, weak 1, heat
vulnerability 1, subdued magic 1, inability to read after injury 1, MP-powered
wands, devolution 1
0: Orb of Zot
}: 3/15 runes: decaying, silver, gossamer
a: Hop, Begin Untransformation, Renounce Religion, Bend Time, Temporal
Distortion, Slouch, Step From Time


You escaped.
You worshipped Cheibriados.
Cheibriados was exalted by your worship.
You were a living statue of rough stone.
You visited 9 branches of the dungeon, and saw 45 of its levels.
You also visited: Wizlab.

You collected 7480 gold pieces.
You spent 1941 gold pieces at shops.

Inventory:

Hand Weapons
 g - the +27 heavy crossbow "Sniper" {heavy, Acc+∞ SInv}
   (You acquired it on level 3 of the Spider Nest)

   Acc+∞: It never misses its target.
   SInv:      It lets you see invisible.
 y - a +9 heavy longbow (weapon)
Armour
 k - the scarf of the Thirsty Dreams {shadows, Regen+ Dex+4 Stlth+}
   (You found it on level 4 of the Spider Nest)

   Dex:       It affects your dexterity (+4).
   Regen:     It increases your rate of health regeneration.
   Stlth:     It makes you more stealthy.
 r - a +2 helmet of see invisible (worn)
 G - a +2 pair of boots (melded)
 J - a +2 leather armour of willpower (melded)
 L - a +1 pair of gloves of stealth (melded)
 Y - a +2 cloak of willpower (worn)
Jewellery
 a - a ring of protection from cold
 n - the ring "Xydozavu" (right fist) {rF++ Will+ rCorr Str+4 Dex-3}
   (You bought it in a shop on level 2 of the Orcish Mines)

   [ring of resist corrosion]

   Str:       It affects your strength (+4).
   Dex:       It affects your dexterity (-3).
   rF:        It greatly protects you from fire.
   rCorr:     It protects you from acid and corrosion.
   Will:      It increases your willpower.
 w - an amulet of regeneration (around neck)
 C - the ring "Enkagg" (left fist) {Int+5 Dex+5 SInv}
   (You acquired it on level 8 of the Dungeon)

   [ring of see invisible]

   Int:       It affects your intelligence (+5).
   Dex:       It affects your dexterity (+5).
   SInv:      It lets you see invisible.
 U - a ring of willpower
Talismans
 c - a granite talisman (active)
Wands
 v - a wand of roots (53)
 K - a wand of charming (28)
 P - a wand of flame (65)
 Q - a wand of polymorph (4)
 W - a wand of digging (19)
 X - a wand of light (37)
 Z - a wand of mindburst (27)
Scrolls
 d - 9 scrolls of poison
 e - a scroll of brand weapon
 f - 2 scrolls of butterflies
 m - 4 scrolls of revelation
 q - 12 scrolls of blinking
 u - 8 scrolls of enchant armour
 z - 4 scrolls of amnesia
 E - 8 scrolls of teleportation
 H - 11 scrolls of immolation
 M - 8 scrolls of fog
 O - 9 scrolls of fear
 R - 4 scrolls of silence
Potions
 b - 4 potions of magic
 h - 13 potions of might
 j - 4 potions of attraction
 l - 6 potions of brilliance
 s - 2 potions of cancellation
 t - 3 potions of enlightenment
 x - 12 potions of curing
 B - 11 potions of heal wounds
 F - 4 potions of invisibility
 I - 5 potions of resistance
 N - 12 potions of ambrosia
 V - 2 potions of berserk rage
Miscellaneous
 o - a phial of floods


   Skills:
 + Level 26.5 Fighting
 - Level 1.0 Short Blades
 - Level 26.0 Ranged Weapons
 - Level 4.0 Armour
 + Level 25.8 Dodging
 - Level 4.0 Stealth
 - Level 3.0 Shields
 - Level 9.0 Spellcasting
 - Level 5.0 Conjurations
 - Level 5.0 Necromancy
 - Level 8.0 Ice Magic
 - Level 5.0 Air Magic
 - Level 6.0 Earth Magic
 - Level 7.0 Invocations
 - Level 5.0 Evocations
 - Level 15.0 Shapeshifting


You had 7 spell levels left.
You knew the following spells:

 Your Spells              Type           Power      Damage    Failure   Level
a - Ozocubu's Armour      Ice            56%        N/A       1%          3
b - Hailstorm             Conj/Ice       50%        3d11      1%          3
c - Dispel Undead         Necr           42%        3d17      1%          4
d - Freezing Cloud        Conj/Ice/Air   24%        6-21      4%          5
e - Borgnjor's Vile Clut  Necr/Erth      22%        N/A       4%          5
f - Freeze                Ice            100%       1d10      1%          1
g - Wereblood             Tmut           13%        N/A       2%          2
h - Iskenderun's Mystic   Conj/Tloc      27%        2d7       6%          4
i - Death Channel         Necr           21%        N/A       36%         6
r - Frozen Ramparts       Ice            100%       1d16      1%          3

Your spell library contained the following spells:

 Spells                   Type           Power      Damage    Failure   Level
 Foxfire                  Conj/Fire      100%       2x1d9     1%          1
 Kiss of Death            Conj/Necr      100%       2d13      1%          1
 Magic Dart               Conj           100%       1d8       1%          1
 Necrotise                Necr           100%       1d9       1%          1
 Sandblast                Erth           96%        2d20      1%          1
 Sting                    Tmut/Pois      52%        1d5       1%          1
 Summon Small Mammal      Summ           52%        N/A       1%          1
 Cigotuvi's Dreadful Rot  Necr/Pois/Air  64%        N/A       1%          2
 Ensorcelled Hibernation  Hex/Ice        72%        N/A       1%          2
 Momentum Strike          Conj/Tloc      54%        3d9       1%          2
 Passwall                 Tmut/Erth      25%        N/A       1%          2
 Searing Ray              Conj           84%        2d7       1%          2
 Mephitic Cloud           Conj/Pois/Air  32%        N/A       1%          3
 Stone Arrow              Conj/Erth      90%        3d12      1%          3
 Swiftness                Air            42%        N/A       1%          3
 Vampiric Draining        Necr           42%        2d9       1%          3
 Vhi's Electric Charge    Tloc/Air       54%        N/A       1%          3
 Animate Dead             Necr           42%        N/A       1%          4
 Call Imp                 Summ           26%        N/A       2%          2
 Lesser Beckoning         Tloc           26%        N/A       2%          2
 Summon Ice Beast         Ice/Summ       36%        N/A       3%          4
 Animate Armour           Summ/Erth      60%        N/A       4%          4
 Confusing Touch          Hex            13%        N/A       5%          3
 Gell's Gravitas          Tloc           13%        N/A       5%          3
 Ignite Poison            Fire/Tmut/Pois 13%        N/A       5%          3
 Inner Flame              Hex/Fire       13%        N/A       5%          3
 Teleport Other           Tloc           13%        N/A       5%          3
 Tukima's Dance           Hex            13%        N/A       5%          3
 Volatile Blastmotes      Fire/Tloc      26%        2d12      5%          3
 Flame Wave               Conj/Fire      27%        2d9       6%          4
 Fulminant Prism          Conj/Hex       13%        3d9       6%          4
 Sticky Flame             Conj/Fire      27%        2d5       6%          4
 Agony                    Necr           42%        N/A       6%          5
 Arcjolt                  Conj/Air       21%        1d31      6%          5
 Iskenderun's Battlesphe  Conj           42%        2d9       6%          5
 Olgreb's Toxic Radiance  Pois           13%        N/A       19%         4
 Passage of Golubria      Tloc           13%        N/A       19%         4
 Irradiate                Conj/Tmut      13%        3d16      19%         5
 Simulacrum               Ice/Necr       25%        N/A       21%         6
 Leda's Unmaking          Conj/Erth      22%        9d4       30%         6
 Conjure Ball Lightning   Conj/Air       21%        3x3d6     36%         6
 Alistair's Intoxication  Tmut/Pois      8%         N/A       47%         5
 Summon Forest            Summ/Tloc      6%         N/A       47%         5
 Yara's Violent Unravell  Hex/Tmut       6%         3d5       47%         5
 Ozocubu's Refrigeration  Ice            28%        4d13      52%         7
 Plasma Beam              Fire/Air       13%        2x1d24    73%         6
 Dispersal                Tloc           6%         N/A       97%         6
 Eringya's Noxious Bog    Tmut/Pois      6%         4d6       97%         6
 Spellforged Servitor     Conj/Summ      13%        N/A       99%         7
 Malign Gateway           Summ/Tloc      6%         N/A       100%        7
 Summon Hydra             Summ           6%         N/A       100%        7
 Discord                  Hex            6%         N/A       100%        8
 Disjunction              Tloc           6%         N/A       100%        8
 Ignition                 Fire           6%         3d4       100%        8
 Infestation              Necr           21%        N/A       100%        8
 Summon Horrible Things   Summ           6%         N/A       100%        8
 Sublimation of Blood     Necr           Unusable   N/A       N/A         2

Dungeon Overview and Level Annotations

Branches:
Dungeon (15/15)            Temple (1/1) D:4            Lair (5/5) D:8
  Swamp (4/4) Lair:3       Spider (4/4) Lair:2        Slime (0/5) Lair:5
    Orc (2/2) D:11            Elf (0/3) Orc:2        Vaults (5/5) D:13
  Crypt (0/3) Vaults:3     Depths (4/4) D:15            Zot (5/5) Depths:4
 WizLab (visited)

Altars:
Ashenzari
Cheibriados
Dithmenos
Elyvilon
Fedhas
Gozag
Hepliaklqana
Kikubaaqudgha
Makhleb
Nemelex Xobeh
Okawaru
Qazlal
Ru
Sif Muna
Trog
Uskayaw
Vehumet
Wu Jian
Xom
Yredelemnul
Zin
The Shining One

Shops:
D:5 :*[*   D:9 =   Orc:2 *=*[   Vaults:3 (   Depths:1 *

Portals:
Hell: Depths:1 Depths:2 Depths:3 Depths:4
Abyss: Depths:2 Depths:3 Depths:4
Pandemonium: Depths:2 Depths:3
Ziggurat: Depths:4

Annotations:
D:1 exclusion: downstairs
D:3 exclusion: statue
D:7 exclusion: downstairs
Swamp:1 exclusion: 2 downstairs


Innate Abilities, Weirdness & Mutations

You are a living statue of rough stone.
Your actions are slow, but your melee attacks are powerful.
You are resistant to unholy torment.
Your maximum health is greatly increased.
Your equipment is partially melded.
You are amphibious.
You are immune to poison.
((You cover ground slowly.))
You can hop long distances.
You have an extended range of vision and can be seen from far away.
You sometimes lose your temper in combat.
Armour fits poorly on your strangely shaped body.
You are strong-willed. (Will+)
You are weak. (Str -2)
You are vulnerable to heat. (rF-)
Your spells are a little easier to cast, but a little less powerful.
You occasionally lose the ability to read scrolls when taking damage.
You expend magic power (3 MP) to strengthen your wands.
You have hidden genetic defects.


Message History

There is a stone staircase leading down here.
A reaper comes into view. It is wielding a +1 scythe of venom.
You shoot an arrow. The arrow hits the reaper!!!
The reaper is almost dead.
You shoot an arrow. The arrow hits the reaper!!!
You kill the reaper!
Cheibriados appreciates the change of pace.
(D) Dungeon (T) Temple (L) Lair (S) Swamp (N) Spider Nest (M) Slime Pits (O) Orcish Mines (E) Elven Halls (V) Vaults (C) Crypt (U) Depths (H) Hell (Z) Zot
Where to? (Enter - D:1, ? - help)
There is a stone staircase leading up, spattered with blood here.
You climb upwards.
There is a stone staircase leading down here.
There is a stone staircase leading up here.
You climb upwards.
Level annotation: exclusion: statue
There is a stone staircase leading down here.
There is a stone staircase leading up here.
You climb upwards.
There is a stone staircase leading down here.
You see here a +0 dagger.
There is a stone staircase leading up here.
You climb upwards.
Level annotation: exclusion: downstairs
There is a stone staircase leading down here.
This staircase is marked as excluded!
Enter next level anyway? [Y]es or [N]o only, please.
Enter next level anyway?
Okay, then.
An Orb Guardian comes into view.
You shoot an arrow. The arrow hits the Orb Guardian!!!!
You kill the Orb Guardian!
Cheibriados thoroughly appreciates the change of pace.
There is a fountain of clear blue water here.
There is an open door here.
There is a staircase leading out of the dungeon here.
You have escaped!

##.##########
#...........###########
#..#######............# #..#
####.######..#..# #..# #....#
##..######### #..#
#....#######..##......#
#..####....##...##..#######.#
#..........##...##..##.# ##.##
###.#####....##.8.##..##.###...##
....#####....##...##..##........#
###....##....##...##..##.###....#
.............###'###..##...>..#.#
###.##.####.####.###.....######.#
#.##.# #..........⌠...#.....).
#.##.# ###...........##.####.#
#.##.###########.#######.# #.#
#.##.......#####'#### #.# ##.#


There were no monsters in sight!

Vanquished Creatures
  4 dread liches
  8 orbs of fire
  2 ancient liches (Zot:5)
  A juggernaut (Depths:4)
  2 pandemonium lords
  Vv (Zot:1)
  The ghost of ShutUppercut the Conqueror, a legendary DsGl of Qazlal (Zot:4)
  Sojobo (Vaults:4)
  2 Killer Klowns (Zot:5)
  Boris (twice) (Vaults:3 Depths:4)
  Frederick (Vaults:2)
  A caustic shrike (Depths:2)
  Saint Roka (Vaults:2)
  A profane servitor (Depths:4)
  9 golden dragons
  Norris (Vaults:2)
  2 Tzitzimimeh
  3 bone dragons
  5 electric golems
  3 Ice Fiends
  A Brimstone Fiend (Zot:5)
  20 tentacled monstrosities
  31 Orb Guardians
  A walking frostbound tome (Depths:4)
  2 liches
  A Hell Sentinel (Depths:3)
  6 quicksilver dragons
  A deep elf master archer (Depths:3)
  A walking divine tome (Depths:4)
  4 titans
  9 sphinxes
  11 shadow dragons
  A thorn hunter (Swamp:3)
  12 death cobs
  Kirke (Spider:3)
  14 storm dragons
  2 storm dragons (shapeshifter) (Depths:3)
  4 draconian monks
  8 tengu reavers
  10 fire giants
  An iron dragon (Depths:3)
  9 vault wardens
  5 emperor scorpions (Spider:4)
  2 fenstrider witches (Swamp:3)
  Louise (Spider:2)
  A balrug (Depths:4)
  4 iron dragons (shapeshifter) (Depths:3)
  7 frost giants
  7 draconian scorchers
  2 draconian knights
  An orc warlord (Orc:2)
  10 ghost moths
  3 draconian annihilators
  5 draconian shifters
  2 ghouls (Vaults:3)
  2 deep elf elementalists (Depths:3)
  A demonspawn blood saint (Zot:5)
  4 draconian stormcallers
  18 very ugly things
  18 ironbound preservers
  A reaper (D:5)
  A vampire knight (Depths:2)
  2 spriggan defenders (Depths:2)
  8 war gargoyles
  6 ironbound thunderhulks
  10 stone giants
  4 broodmothers
  6 black draconians
  A formless jellyfish (Vaults:2)
  9 green draconians
  A demonspawn black sun (Zot:5)
  2 lorocyprocas
  17 white draconians
  6 bunyips
  3 eleionomae
  10 dire elephants
  20 purple draconians
  A minotaur (Lair:2)
  7 red draconians
  14 yellow draconians
  The ghost of Okhluzetu the Brawler, a journeyman DrSh of Wu Jian (Lair:2)
  5 spark wasps
  The ghost of kaychamo the Martial Artist, a journeyman OpSh of Gozag (Lair:3)
  3 crystal guardians
  9 statues (WizLab)
  3 green deaths
  11 ettins
  10 fire dragons
  10 great orbs of eyes
  4 deep elf high priests
  5 entropy weavers
  A shambling mangrove (Swamp:4)
  14 yaktaur captains
  Fannar (D:12)
  3 ghost crabs
  A hell beast (Swamp:4)
  A rakshasa (Depths:2)
  13 hydras
  An ice dragon (Depths:4)
  6 spriggan air magi
  A jorogumo (Spider:4)
  2 catoblepae
  12 ironbound frosthearts
  3 spectral draconians (Zot:4)
  2 ogre magi (Vaults:5)
  4 peacekeepers
  A salamander tyrant (Depths:3)
  5 centaur warriors
  30 vault guards
  4 radroaches
  6 boulder beetles
  4 deep troll shamans
  A death knight (D:14)
  6 tengu warriors
  5 two-headed ogres
  A vampire mage (Vaults:3)
  10 deep troll earth magi
  7 spriggan berserkers
  3 alligators
  A titan zombie (Vaults:3)
  2 dancing weapons (Depths:3)
  4 demonic crawlers
  4 orc high priests (Orc:2)
  A thrashing horror (Swamp:4)
  A soul eater (Zot:1)
  A shock serpent (shapeshifter) (Depths:3)
  Urug (D:12)
  4 sun demons
  20 hell knights
  Sonja (D:12)
  3 sixfirhies
  A spectral storm dragon (Zot:4)
  2 titan skeletons
  A skyshark (shapeshifter) (Vaults:5)
  8 pharaoh ants
  2 skysharks (Lair:2)
  4 iron trolls
  2 sun moths
  2 skeletal warriors
  52 deep trolls
  3 quicksilver dragon simulacra (Zot:4)
  5 phantasmal warriors
  2 death drakes (shapeshifter)
  11 swamp dragons
  3 flayed ghosts
  5 goliath frogs
  2 shadow demons
  6 spriggan druids
  3 glowing orange brains
  10 orb spiders
  An obsidian statue (Zot:5)
  9 bog bodies
  14 ironbound convokers
  A harpy (shapeshifter) (Vaults:5)
  4 deep elf pyromancers
  9 necromancers
  7 wizards
  5 spectral wolf spiders (Spider:4)
  8 lindwurms
  4 steelbarb worms
  4 wolf spider zombies (Spider:4)
  8 orc knights
  5 orc sorcerers
  2 manticores (Lair:4)
  27 wolf spiders
  39 ugly things
  5 cyclopes
  A manticore (shapeshifter) (Depths:3)
  34 moths of wrath
  A large abomination (Swamp:4)
  A will-o-the-wisp (Swamp:1)
  A cyclops (shapeshifter) (D:14)
  Joseph (D:8)
  A black mamba (shapeshifter) (D:15)
  10 black mambas
  5 elephants (Lair:3)
  Maurice (D:10)
  14 cane toads
  25 vault sentinels
  2 gargoyles
  2 torpor snails
  A smoke demon (D:9)
  A storm dragon simulacrum (Vaults:3)
  3 molten gargoyles (Lair:5)
  Maggie (D:9)
  5 orange demons
  2 rime drakes (shapeshifter)
  A hellion (D:10)
  3 rime drakes
  21 yaktaurs
  A spriggan zombie (Depths:1)
  10 komodo dragons
  21 tengu conjurers
  3 freezing wraiths
  A red devil (Depths:3)
  6 trolls
  3 polar bears (Lair:4)
  8 wolf spider simulacra (Spider:4)
  2 bloated husks
  A hellwing (Depths:2)
  7 meliai
  Grinder (D:6)
  7 tyrant leeches
  A tyrant leech (shapeshifter) (Depths:3)
  17 hornets
  A dream sheep (shapeshifter) (Vaults:5)
  26 tarantellas
  3 blink frogs (Lair:4)
  19 dream sheep
  18 slime creatures
  28 jumping spiders
  A centaur simulacrum (D:13)
  3 draconian simulacra (Zot:4)
  4 wraiths
  2 shadows (Swamp:4)
  13 spriggans
  3 vampires
  26 culicivoras
  9 wyverns
  32 yaks
  6 water elementals (Depths:4)
  3 hogs (Spider:3)
  19 humans (D:13)
  Eustachio (D:5)
  3 steam dragons
  9 basilisks
  3 neqoxecs (Depths:2)
  49 redbacks
  11 vampire mosquitoes
  2 chaos spawn (Depths:2)
  9 wargs
  A small abomination (D:9)
  16 water moccasins
  9 swamp worms
  An acid dragon (D:11)
  8 hell hounds
  Duvessa (D:6)
  An ogre skeleton (Vaults:3)
  39 orc warriors
  A swamp drake (Swamp:1)
  A human skeleton (Depths:1)
  2 ice beasts
  3 sky beasts
  4 black bears
  9 ogres
  5 boggarts (Vaults:1)
  An ogre (shapeshifter) (Depths:3)
  13 wolves
  9 centaurs
  A phantom (D:4)
  Blork the orc (D:5)
  2 gnoll sergeants
  2 kobold brigands (D:9)
  12 bullfrogs
  A glowing shapeshifter simulacrum (Vaults:3)
  4 scorpions
  12 wights
  Dowan (D:6)
  12 killer bees
  4 electric eels
  4 lava snakes (Lair:5)
  2 jellies
  4 hounds
  26 orc priests
  A sleepcap (D:7)
  3 iguanas
  32 orc wizards
  6 hell rats (Lair:3)
  8 gnolls
  5 adders
  An adder (shapeshifter) (Vaults:5)
  4 white imps
  2 ufetubi
  A worm (D:2)
  4 dart slugs
  86 orcs
  4 endoplasms
  5 giant cockroaches
  4 goblins
  6 hobgoblins
  2 jackals (D:3)
  3 quokkas
  7 ball pythons
  3 bats
  7 frilled lizards
  19 kobolds
  5 rats
1911 creatures vanquished.

Vanquished Creatures (others)
  A purple draconian (WizLab)
  A goliath frog (Swamp:1)
  A swamp dragon (Swamp:3)
  A moth of wrath (Zot:1)
  A bloated husk (Swamp:3)
5 creatures vanquished.

Grand Total: 1916 creatures vanquished

Notes
Turn   | Place    | Note
-------+----------+-------------------------------------------
     0 | D:1      | motkurizz the Barachi Ice Elementalist began the quest for
                  | the Orb.
     0 | D:1      | Reached XP level 1. HP: 13/13 MP: 3/3
   188 | D:1      | Found Onanoo's Distillery.
   396 | D:1      | Reached skill level 5 in Ice Magic
   436 | D:1      | Reached XP level 2. HP: 19/19 MP: 2/5
  1246 | D:2      | Reached skill level 1 in Fighting
  1246 | D:2      | Reached XP level 3. HP: 23/26 MP: 4/7
  1462 | D:2      | Learned a level 3 spell: Frozen Ramparts
  1489 | D:2      | Identified the +2 robe "Hero's Friend" {rElec rN+++ Will-
                  | MP+9}
  1524 | D:2      | Learned a level 3 spell: Ozocubu's Armour
  1576 | D:2      | Found an ornate altar of the Wu Jian Council.
  1660 | D:2      | Reached XP level 4. HP: 32/32 MP: 8/8
  1951 | D:3      | Found a faded altar of an unknown god.
  2134 | D:3      | Found a blossoming altar of Fedhas.
  2137 | D:3      | Found a glowing golden altar of the Shining One.
  2145 | D:3      | Found an ancient bone altar of Kikubaaqudgha.
  2359 | D:3      | Found a radiant altar of Vehumet.
  2359 | D:3      | Noticed a charred statue
  2662 | D:4      | Found a staircase to the Ecumenical Temple.
  2673 | Temple   | Entered the Ecumenical Temple
  2717 | Temple   | Became a worshipper of Cheibriados the Contemplative
  2793 | D:4      | Reached skill level 1 in Armour
  2887 | D:4      | Noticed a phantom
  3062 | D:4      | Reached skill level 1 in Short Blades
  3062 | D:4      | Reached XP level 5. HP: 38/38 MP: 7/9
  3314 | D:4      | Noticed a phantom
  3329 | D:4      | Killed a phantom
  3330 | D:4      | Reached XP level 6. HP: 43/47 MP: 8/10
  3541 | D:4      | Found a large runed translucent door.
  3545 | D:4      | Found a large runed translucent door.
  3623 | D:4      | Found a shimmering altar of Xom.
  3628 | D:4      | Found a bloodstained altar of Trog.
  3631 | D:4      | Reached * piety under Cheibriados
  3690 | D:5      | Entered Level 5 of the Dungeon
  3802 | D:5      | Noticed Blork the orc
  3806 | D:5      | Killed Blork the orc
  3807 | D:5      | Reached skill level 1 in Ranged Weapons
  3885 | D:5      | Found Ivufot's Assorted Antiques.
  3889 | D:5      | Bought a coral ring for 130 gold pieces
  4060 | D:5      | Found Untyplint's Antique Armour Shop.
  4124 | D:5      | Noticed Eustachio
  4161 | D:5      | Found Vuengoz's Book Boutique.
  4187 | D:5      | Killed Eustachio
  4188 | D:5      | Reached XP level 7. HP: 48/54 MP: 4/11
  4229 | D:5      | Noticed a hornet
  4237 | D:5      | Killed a hornet
  4238 | D:5      | Reached skill level 5 in Ranged Weapons
  4344 | D:5      | Reached XP level 8. HP: 60/60 MP: 7/12
  4405 | D:5      | Found Gamalico's General Store.
  4721 | D:5      | Bought a pair of glowing gloves for 165 gold pieces
  4758 | D:6      | Reached skill level 5 in Fighting
  5000 | D:6      | Reached ** piety under Cheibriados
  5034 | D:6      | Noticed Grinder
  5157 | D:6      | Noticed Dowan
  5169 | D:6      | Noticed Duvessa
  5175 | D:6      | Killed Duvessa
  5176 | D:6      | Reached XP level 9. HP: 69/69 MP: 8/13
  5183 | D:6      | Killed Dowan
  5513 | D:6      | Killed Grinder
  5918 | D:7      | Found a shadowy altar of Dithmenos.
  5925 | D:7      | Reached *** piety under Cheibriados
  6175 | D:7      | Found a shimmering altar of Xom.
  6808 | D:7      | Reached skill level 1 in Shields
  6852 | D:7      | Reached XP level 10. HP: 80/80 MP: 14/14
  6877 | D:7      | Reached skill level 10 in Ranged Weapons
  6907 | D:7      | Learned a level 3 spell: Hailstorm
  7251 | D:8      | Reached skill level 1 in Conjurations
  7324 | D:8      | Reached **** piety under Cheibriados
  7522 | D:8      | Identified 2 scrolls of acquirement
  7523 | D:8      | Acquired a manual of Dodging
  7525 | D:8      | Acquired the ring "Enkagg" {Int+5 Dex+5 SInv}
  7541 | D:8      | Noticed Joseph
  7558 | D:8      | Killed Joseph
  7559 | D:8      | Reached skill level 5 in Dodging
  7869 | D:8      | Found a staircase to the Lair.
  7926 | D:9      | Found the +7 Kryia's mail coat {PotionHeal*2 rC+}
  8088 | D:9      | Noticed a two-headed ogre
  8095 | D:9      | Killed a two-headed ogre
  8095 | D:9      | Reached ***** piety under Cheibriados
  8220 | D:9      | Reached XP level 11. HP: 78/89 MP: 15/15
  8279 | D:9      | Reached skill level 1 in Evocations
  8606 | D:9      | Found Bam Itip's Jewellery Emporium.
  8670 | D:9      | Noticed Maggie
  8691 | D:9      | Killed Maggie
  8955 | D:10     | Entered Level 10 of the Dungeon
  9208 | D:10     | Noticed a two-headed ogre
  9230 | D:10     | Killed a two-headed ogre
  9322 | D:10     | Noticed a two-headed ogre
  9327 | D:10     | Killed a two-headed ogre
  9328 | D:10     | Reached skill level 10 in Fighting
  9328 | D:10     | Reached skill level 10 in Dodging
  9569 | D:10     | Noticed Maurice
  9577 | D:10     | Killed Maurice
  9592 | D:10     | Learned a level 4 spell: Dispel Undead
 10024 | D:11     | Acquired a +5 longbow of draining
 10168 | D:11     | Noticed a cyclops
 10307 | Lair:1   | Entered Level 1 of the Lair of Beasts
 10314 | Lair:1   | Reached ****** piety under Cheibriados
 10321 | Lair:1   | Reached skill level 1 in Necromancy
 10582 | Lair:1   | Reached XP level 12. HP: 98/98 MP: 17/17
 11138 | Lair:2   | Found a hole to the Spider Nest.
 11297 | Lair:2   | Found a runed translucent gate.
 11297 | Lair:2   | Found a runed translucent gate.
 11298 | Lair:2   | Found a runed translucent gate.
 11306 | Lair:2   | Noticed a skyshark
 11308 | Lair:2   | Noticed Okhluzetu's ghost (journeyman DrSh)
 11308 | Lair:2   | Noticed a minotaur
 11352 | Lair:2   | Noticed a skyshark
 11354 | Lair:2   | Killed a skyshark
 11798 | Lair:3   | Noticed a boulder beetle
 11808 | Lair:3   | Killed a boulder beetle
 11820 | Lair:3   | Found a staircase to the Swamp.
 11950 | Lair:3   | Reached skill level 5 in Spellcasting
 12220 | Lair:3   | Found a runed translucent gate.
 12221 | Lair:3   | Found a runed translucent gate.
 12221 | Lair:3   | Found a runed translucent gate.
 12221 | Lair:3   | Noticed a 13-headed hydra
 12221 | Lair:3   | Noticed kaychamo's ghost (journeyman OpSh)
 12528 | Lair:4   | Gained mutation: You can hop long distances. [Barachi
                  | growth]
 12528 | Lair:4   | Reached XP level 13. HP: 107/107 MP: 20/20
 13137 | Lair:4   | Reached skill level 15 in Dodging
 13617 | Lair:5   | Entered Level 5 of the Lair of Beasts
 13755 | Lair:5   | Found a staircase to the Slime Pits.
 13784 | Lair:5   | Found a sacrificial altar of Ru.
 14144 | Lair:5   | Reached skill level 15 in Ranged Weapons
 14148 | Lair:5   | Reached XP level 14. HP: 118/118 MP: 22/22
 14447 | Lair:5   | Found a large runed translucent door.
 14447 | Lair:5   | Found a large runed translucent door.
 15092 | Lair:3   | Killed kaychamo's ghost
 15114 | Lair:3   | Identified the +6 scimitar of Zywnist {distort, rElec rPois
                  | Str-2 SInv}
 15215 | Lair:2   | Killed Okhluzetu's ghost
 15454 | D:11     | Found a staircase to the Orcish Mines.
 15592 | D:11     | Found a white marble altar of Elyvilon.
 15599 | D:11     | Found an opulent altar of Gozag.
 15599 | D:11     | Found a white marble altar of Elyvilon.
 15601 | D:11     | Found a shimmering altar of Xom.
 15601 | D:11     | Found a snail-covered altar of Cheibriados.
 15601 | D:11     | Found a shimmering altar of Xom.
 15831 | Orc:1    | Entered Level 1 of the Orcish Mines
 16051 | Orc:2    | Entered Level 2 of the Orcish Mines
 16051 | Orc:2    | Noticed an orc warlord
 16051 | Orc:2    | Found a staircase to the Elven Halls.
 16075 | Orc:2    | Killed an orc warlord
 16318 | Orc:2    | Found Ateellym's General Store.
 16318 | Orc:2    | Found Exkepox's Armour Boutique.
 16318 | Orc:2    | Found Sikhlif's General Store.
 16385 | Orc:2    | Found Mitwakk's Jewellery Shop.
 16388 | Orc:2    | Bought the ring "Xydozavu" {rF++ Will+ rCorr Str+4 Dex-3}
                  | for 574 gold pieces
 16391 | Orc:2    | Bought a +1 helmet of see invisible for 247 gold pieces
 16411 | Orc:2    | Bought a scroll of identify for 28 gold pieces
 16415 | Orc:2    | Bought a potion of heal wounds for 75 gold pieces
 16781 | Orc:1    | Reached XP level 15. HP: 94/126 MP: 24/24
 17205 | D:5      | Bought a heavy robe for 125 gold pieces
 17205 | D:5      | Identified the +1 robe of the Slug {Harm Int+3 Stlth+} (You
                  | bought it in a shop on level 5 of the Dungeon)
 17391 | D:12     | Noticed Fannar
 17398 | D:12     | Killed Fannar
 17399 | D:12     | Reached skill level 1 in Shapeshifting
 17431 | D:12     | Noticed Urug
 17438 | D:12     | Killed Urug
 17542 | D:12     | Noticed Sonja
 17546 | D:12     | Killed Sonja
 17683 | D:12     | Reached skill level 5 in Shapeshifting
 17864 | D:13     | Identified the +4 great mace "Jaenei" {heavy, Fragile rElec
                  | rF+++ Dex+3}
 17974 | D:13     | Found a gate to the Vaults.
 19511 | D:15     | Entered Level 15 of the Dungeon
 19565 | D:15     | Found a bloodstained altar of Trog.
 19625 | D:15     | Reached skill level 10 in Shapeshifting
 19689 | D:15     | Reached XP level 16. HP: 133/133 MP: 25/25
 19709 | D:15     | Found a staircase to the Depths.
 20461 | Spider:1 | Entered Level 1 of the Spider Nest
 20698 | Spider:1 | Reached skill level 1 in Invocations
 20893 | Spider:1 | Identified the orb of Emunalin {guile, rN++}
 20916 | Spider:1 | Reached skill level 5 in Invocations
 22569 | Spider:3 | Noticed Louise
 22576 | Spider:3 | Noticed Kirke
 22584 | Spider:3 | Reached XP level 17. HP: 78/139 MP: 19/26
 22586 | Spider:3 | Killed Kirke
 23106 | Spider:2 | Killed Louise
 23227 | Spider:3 | Acquired the +27 heavy crossbow "Sniper" {heavy, Acc+∞
                  | SInv}
 23227 | Spider:3 | Found the +27 heavy crossbow "Sniper" {heavy, Acc+∞ SInv}
 23235 | Spider:3 | Acquired 798 gold pieces
 24200 | Spider:4 | Entered Level 4 of the Spider Nest
 24586 | Spider:4 | Reached skill level 15 in Shapeshifting
 25087 | Spider:4 | Reached skill level 15 in Fighting
 25129 | Spider:4 | Identified the scarf of the Thirsty Dreams {shadows, Regen+
                  | Dex+4 Stlth+}
 25159 | Spider:4 | Got a gossamer rune of Zot
 25684 | Swamp:1  | Entered Level 1 of the Swamp
 25696 | Swamp:1  | Reached XP level 18. HP: 149/149 MP: 13/27
 25716 | Swamp:1  | Learned a level 5 spell: Freezing Cloud
 25722 | Swamp:1  | Learned a level 5 spell: Borgnjor's Vile Clutch
 26123 | Swamp:2  | Reached skill level 1 in Air Magic
 26297 | Swamp:2  | Reached skill level 1 in Earth Magic
 26376 | Swamp:2  | Found the +1 robe of Vines {NoPotionHeal Regen++++}
 26977 | Swamp:4  | Entered Level 4 of the Swamp
 27420 | Swamp:4  | Got a decaying rune of Zot
 27897 | Vaults:1 | Entered Level 1 of the Vaults
 27913 | Vaults:1 | Reached XP level 19. HP: 159/159 MP: 29/29
 28329 | Vaults:1 | Got Sif Muna's Elucidation of the Vitriolic Chill
 28985 | Vaults:1 | Reached skill level 5 in Necromancy
 29363 | Vaults:2 | Noticed Saint Roka
 29375 | Vaults:2 | Killed Saint Roka
 29497 | Vaults:2 | Reached XP level 20. HP: 170/170 MP: 32/32
 29498 | Vaults:2 | Noticed Frederick
 29506 | Vaults:2 | Killed Frederick
 29626 | Vaults:2 | Reached skill level 5 in Conjurations
 29715 | Vaults:2 | Noticed Norris
 29724 | Vaults:2 | Killed Norris
 29725 | Vaults:2 | Reached skill level 5 in Air Magic
 30319 | Vaults:3 | Found a magical portal.
 30408 | WizLab   | Entered Iskenderun's Mystic Tower
 30453 | WizLab   | Reached skill level 5 in Earth Magic
 31166 | WizLab   | Got Iskenderun's Handbook of Trauma
 31166 | WizLab   | Got Iskenderun's Omnibus of the Shot
 31187 | WizLab   | Got the Atlas of Gathered Ectoplasm
 31867 | Vaults:3 | Noticed Boris
 31881 | Vaults:3 | Killed Boris
 32498 | Vaults:3 | Identified the +7 whip "Orb Guardian's Curse" {flame,
                  | rElec}
 32521 | Vaults:3 | Found Zotoesey's Antique Weapon Emporium.
 32595 | Vaults:3 | Found a staircase to the Crypt.
 32802 | Vaults:4 | Reached XP level 21. HP: 181/181 MP: 33/33
 32888 | Vaults:4 | Noticed Sojobo
 32897 | Vaults:4 | Killed Sojobo
 33213 | Vaults:4 | Identified the +3 scale mail "Luhe" {Will+++ MP-9 Int+5}
 33466 | Vaults:4 | Identified the +2 robe of Ycwih {+Blink rPois Slay+2}
 34049 | Depths:1 | Entered Level 1 of the Depths
 34174 | Depths:1 | You fall into a shaft and drop 1 floor!
 34251 | Depths:2 | Found a one-way gate to the infinite horrors of the Abyss.
 34269 | Depths:2 | Noticed a caustic shrike
 34277 | Depths:2 | Killed a caustic shrike
 34510 | Depths:1 | Found a gateway to Hell.
 34639 | Depths:1 | Identified the +1 leather armour "Egellos" {Str+6}
 34802 | Depths:1 | Found Kueptautaxt's General Store.
 34806 | Depths:1 | Bought a potion of heal wounds for 80 gold pieces
 35143 | Depths:2 | Gained mutation: Armour fits poorly on your strangely
                  | shaped body. [a neqoxec]
 35172 | Depths:2 | Found a shadowy altar of Dithmenos.
 35199 | Depths:2 | Found a one-way gate leading to the halls of Pandemonium.
 35200 | Depths:2 | Gained mutation: Your spells are a little easier to cast,
                  | but a little less powerful. [a neqoxec]
 35204 | Depths:2 | Gained mutation: You occasionally lose the ability to read
                  | scrolls when taking damage. [a neqoxec]
 35498 | Depths:2 | Reached XP level 22. HP: 192/192 MP: 34/34
 35863 | Depths:3 | Reached skill level 5 in Evocations
 36561 | Depths:3 | Got the Grimoire of Erosion and Metamorphosis
 36833 | Depths:4 | Entered Level 4 of the Depths
 36938 | Depths:4 | Noticed a golden dragon
 36949 | Depths:4 | Killed a golden dragon
 37106 | Depths:4 | Noticed a juggernaut
 37116 | Depths:4 | Killed a juggernaut
 37140 | Depths:4 | Identified the +6 long sword of Due Proportion {flame, rC+}
 37141 | Depths:4 | Noticed Boris
 37155 | Depths:4 | Killed Boris
 37323 | Depths:4 | Found a one-way gateway to a ziggurat.
 37389 | Depths:4 | Reached XP level 23. HP: 202/202 MP: 36/36
 37541 | Depths:4 | Noticed a golden dragon
 37541 | Depths:4 | Noticed a golden dragon
 37548 | Depths:4 | Killed a golden dragon
 37553 | Depths:4 | Killed a golden dragon
 37584 | Depths:4 | Found a gate to the Realm of Zot.
 38308 | D:9      | Bought a ring of protection from cold for 300 gold pieces
 38451 | Orc:2    | Bought a scroll of fear for 56 gold pieces
 38451 | Orc:2    | Bought a scroll of blinking for 105 gold pieces
 38451 | Orc:2    | Bought a scroll of fear for 56 gold pieces
 38907 | Vaults:5 | Entered Level 5 of the Vaults
 39239 | Vaults:5 | Identified the +6 plate armour of Responsibility {rCorr}
 39443 | Vaults:5 | Identified the +7 flail of Blood-Lust {speed, *Corrode rN+
                  | Str-3 Dex+5}
 39709 | Vaults:5 | Identified the staff "Togux" {rPois rC++ Str-3 Dex+3 Stlth+
                  | Poison}
 39807 | Vaults:5 | Identified the +7 falchion "Hoaliumotu" {antimagic, rElec}
 39861 | Vaults:5 | Got a silver rune of Zot
 40020 | Vaults:5 | Identified the staff "Zacsolau" {rPois rCorr Int-2 Dex+2
                  | Stlth+ Poison}
 40582 | Zot:1    | Entered Level 1 of the Realm of Zot
 40626 | Zot:1    | Reached XP level 24. HP: 213/213 MP: 36/36
 41014 | Zot:1    | Noticed Vv
 41032 | Zot:1    | Killed Vv
 41356 | Zot:1    | Noticed an orb of fire
 41359 | Zot:1    | Lost mutation: Your spells are a little easier to cast, but
                  | a little less powerful. [an orb of fire]
 41362 | Zot:1    | Gained mutation: Your spells are a little easier to cast,
                  | but a little less powerful. [an orb of fire]
 41365 | Zot:1    | Killed an orb of fire
 42147 | Zot:3    | Reached XP level 25. HP: 223/223 MP: 36/36
 43090 | Zot:4    | Found a transporter.
 43122 | Zot:4    | Noticed ShutUppercut's ghost (legendary DsGl)
 43122 | Zot:4    | Noticed a dread lich
 43126 | Zot:4    | Noticed a dread lich
 43294 | Zot:4    | Acquired the +6 orcbow "Frog's Bane" {freeze, Drain rPois
                  | Will++ SInv}
 43355 | Zot:4    | Found a transporter.
 44116 | Zot:4    | Learned a level 2 spell: Wereblood
 44121 | Zot:4    | Learned a level 4 spell: Iskenderun's Mystic Blast
 44128 | Zot:4    | Learned a level 6 spell: Death Channel
 44133 | Zot:4    | Killed a dread lich
 44133 | Zot:4    | Killed a dread lich
 44139 | Zot:4    | Killed ShutUppercut's ghost
 44224 | Zot:5    | Entered Level 5 of the Realm of Zot
 44545 | Zot:5    | Noticed an ancient lich
 44551 | Zot:5    | Killed an ancient lich
 44610 | Zot:5    | Noticed an orb of fire
 44611 | Zot:5    | Gained mutation: You sometimes lose your temper in combat.
                  | [an orb of fire]
 44615 | Zot:5    | Gained mutation: You have an uncontrollable temper. [an orb
                  | of fire]
 44618 | Zot:5    | Killed an orb of fire
 44618 | Zot:5    | Noticed a dread lich
 44626 | Zot:5    | Killed a dread lich
 44651 | Zot:5    | Lost mutation: Armour fits poorly on your strangely shaped
                  | body. [potion of mutation]
 44651 | Zot:5    | Lost mutation: You occasionally lose the ability to read
                  | scrolls when taking damage. [potion of mutation]
 44651 | Zot:5    | Lost mutation: You have an uncontrollable temper. [potion
                  | of mutation]
 44651 | Zot:5    | Gained mutation: You are strong-willed. (Will+) [potion of
                  | mutation]
 44653 | Zot:5    | Noticed an ancient lich
 44656 | Zot:5    | Killed an ancient lich
 44657 | Zot:5    | Noticed a Killer Klown
 44668 | Zot:5    | Killed a Killer Klown
 44692 | Zot:5    | Noticed an orb of fire
 44694 | Zot:5    | Gained mutation: Armour fits poorly on your strangely
                  | shaped body. [an orb of fire]
 44698 | Zot:5    | Killed an orb of fire
 44729 | Zot:5    | Noticed a Killer Klown
 44742 | Zot:5    | Killed a Killer Klown
 44755 | Zot:5    | Noticed an orb of fire
 44761 | Zot:5    | Killed an orb of fire
 44762 | Zot:5    | Reached XP level 26. HP: 235/235 MP: 36/36
 44854 | Zot:5    | Noticed an orb of fire
 44855 | Zot:5    | Gained mutation: You occasionally lose the ability to read
                  | scrolls when taking damage. [an orb of fire]
 44861 | Zot:5    | Killed an orb of fire
 44884 | Zot:5    | Noticed an orb of fire
 44891 | Zot:5    | Gained mutation: You are vulnerable to heat. (rF-) [an orb
                  | of fire]
 44892 | Zot:5    | Killed an orb of fire
 44894 | Zot:5    | Lost mutation: Armour fits poorly on your strangely shaped
                  | body. [potion of mutation]
 44894 | Zot:5    | Lost mutation: Your spells are a little easier to cast, but
                  | a little less powerful. [potion of mutation]
 44894 | Zot:5    | Gained mutation: Your spells are a little easier to cast,
                  | but a little less powerful. [potion of mutation]
 44982 | Zot:5    | Noticed an orb of fire
 44983 | Zot:5    | Gained mutation: Armour fits poorly on your strangely
                  | shaped body. [an orb of fire]
 44984 | Zot:5    | Gained mutation: You have hidden genetic defects. [an orb
                  | of fire]
 44987 | Zot:5    | Killed an orb of fire
 44987 | Zot:5    | Noticed a dread lich
 44993 | Zot:5    | Killed a dread lich
 44994 | Zot:5    | Noticed an orb of fire
 44998 | Zot:5    | Gained mutation: You expend magic power (3 MP) to
                  | strengthen your wands. [an orb of fire]
 45000 | Zot:5    | Killed an orb of fire
 45114 | Zot:5    | Got the Orb of Zot
 45156 | Zot:5    | Noticed Roonech the pandemonium lord
 45163 | Zot:5    | Killed Roonech the pandemonium lord
 45317 | Zot:1    | Gained mutation: You are weak. (Str -2) [hidden defects]
 45321 | Zot:1    | Noticed Weuliz the pandemonium lord
 45627 | D:9      | Noticed Vapseck the pandemonium lord
 45636 | D:9      | Killed Vapseck the pandemonium lord
 45794 | D:$      | Escaped with the Orb!

Illustrated notes

Levels and vault maps discovered:
D:1:      dpeg_arrival_rooms_a, layout_loops_ring, serial_shops,
          nicolae_shop_rolling_square
D:2:      layout_rooms, basic_altar
D:3:      layout_rooms, vehumet_statue, grunt_temple_overflow_diamond,
          hellmonk_ecumenical_altar_dog_temple
D:4:      layout_basic, jmf_multi_god_temple2, minmay_temple_entry_mini_moons
D:5:      layout_basic, serial_shops, nicolae_shop_tiny_real_fake_doors, shop,
          shop, shop, serial_bayou_lagoon_a, minivault_1, uniq_blork_the_orc,
          uniq_eustachio
D:6:      layout_loops_ring, uniq_grinder, uniq_duvessa
D:7:      layout_basic, hangedman_feature_mirror, amcnicky_mini_pool_small
D:8:      layout_cave_pools, david_lair_shrubbed, uniq_joseph
D:9:      layout_roguey, serial_shops, shop, uniq_maggie
D:10:     layout_stronghold, uniq_maurice
D:11:     layout_loops_ring, minmay_orc_entry_temple_small, doesnt_xom_only_xom
D:12:     layout_cave_pools, serial_column_ruins, column_ruins_open_small,
          column_ruins_grid_2, column_ruins_open_medium_water,
          column_ruins_grid_1, kennysheep_flooded_box, uniq_urug, uniq_fannar,
          uniq_sonja
D:13:     layout_basic, grunt_vaults_entry_tiered
D:14:     layout_irregular_city, minivault_27, grunt_ogre_cave, minivault_21
D:15:     hangedman_depths_entry_civil_slaughter, layout_rooms,
          trog_three_pillars_becter
Temple:   kb_temple_of_zot
Lair:1:   layout_big_grid, serial_forest, infiniplex_forest_clump_curved,
          infiniplex_forest_end_double, infiniplex_forest_straight_5,
          infiniplex_forest_side_room, infiniplex_forest_straight_2,
          infiniplex_forest_clump_large, serial_bayou_shore_a
Lair:2:   layout_chaotic_city, spider_nest_entry_funnel_web,
          maelrawn_ghost_gauntlet_escape, grunt_megastairs_1,
          infiniplex_staircase_pool_2
Lair:3:   layout_layer_cave, skrybe_swamp_entry_bodies,
          gammafunk_ghost_hydra_chop, grunt_megastairs_4
Lair:4:   layout_small_grid, pdpol_lair_cavern_descent
Lair:5:   cheibrodos_lair_end_hotspot, layout_regular_city, slime_entry_1,
          basic_altar
Swamp:1:  layout_basic_swamp, infiniplex_staircase_pool, swamp_pool2
Swamp:2:  layout_basic_swamp, nicolae_swamp_treefoil
Swamp:3:  nicolae_swamp_ascending_descending, layout_basic_swamp,
          evilmike_swamp_ruin_rubble_2
Swamp:4:  swamp_vile, layout_basic_swamp, swamp_pool1
Spider:1: layout_spider_delve, hangedman_spider_tarantella_strand
Spider:2: nicolae_spider_hilbert_zone_4 [nicolae_spider_hilbert_4_sides_2_open,
          nicolae_spider_hilbert_4_sides_1_open,
          nicolae_spider_hilbert_4_sides_1_open,
          nicolae_spider_hilbert_4_sides_1_open,
          nicolae_spider_hilbert_4_sides_1_open,
          nicolae_spider_hilbert_2_sides_1_open,
          nicolae_spider_hilbert_2_sides_1_open,
          nicolae_spider_hilbert_2_sides_1_open,
          nicolae_spider_hilbert_2_sides_1_open,
          nicolae_spider_hilbert_6_sides_1_open,
          nicolae_spider_hilbert_6_sides_1_open,
          nicolae_spider_hilbert_3_sides_1_open,
          nicolae_spider_hilbert_3_sides_1_open]
Spider:3: layout_cave_pods, uniq_kirke, uniq_louise
Spider:4: spider_rune_water, nicolae_spider_undead_wolf_pack
Orc:1:    layout_caves
Orc:2:    st_orc_mages, layout_caves
Vaults:1: nicolae_vaults_frosty_reception, ontoclasm_vaults_hangar,
          dpeg_vaults_monster_row, vaults_room_pool, grunt_vaults_bifocal,
          v_misc_23, v_pattern_3, nicolae_vaults_network_periphery,
          nicolae_vaults_octothorpe, vaults_room_fours, v_misc_23,
          ontoclasm_vaults_loading_screen, nicolae_vaults_trapezoid_lopsided_3,
          layout_vaults_ring
Vaults:2: grunt_vaults_diagonal, hangedman_vaults_restitches, v_misc_2,
          v_rooms_2, nicolae_vaults_offset_grid_hallway_4,
          hangedman_vaults_river_flow, nicolae_vaults_trapezoid_4,
          vaults_room_fours, vaults_room_door_ring, v_misc_17,
          nicolae_vaults_closet_pinwheel_3, nicolae_vaults_shelves_hall,
          v_misc_17, nicolae_vaults_little_squares_4, vaults_dpeg_hooks,
          grunt_vaults_hallway_long, nicolae_vaults_tetromino_Z_1,
          nicolae_vaults_variable_pillar_hall, layout_vaults_maze_snakey,
          uniq_frederick, uniq_norris, uniq_saint_roka
Vaults:3: mu_enter_wizlab_1, nicolae_vaults_layer_cake_slice, vaults_dpeg_cross,
          vaults_dpeg_diagonal, nicolae_vaults_windows_and_doors_thing,
          minmay_crypt_entry_simple_walls, v_misc_19,
          nicolae_vaults_diffraction_hallways, vaults_room_door_ring,
          ontoclasm_vaults_gateway, nicolae_vaults_trapezoid_2,
          nicolae_vaults_surprise_closet, layout_vaults_omnigrid, serial_shops,
          nicolae_shop_tiny_statue_garden, uniq_boris
Vaults:4: ontoclasm_vaults_gallery, nicolae_vaults_six-pack, vaults_room_grid,
          nicolae_vaults_inception_corners, ontoclasm_vaults_ring_large,
          vaults_dpeg_doors, nicolae_vaults_door_testing_chamber, v_misc_30,
          vaults_room_stairs_pillars, nicolae_vaults_offset_grid_hallway_4,
          ontoclasm_vaults_tryst, hangedman_vaults_slice, v_alt_pattern_3,
          ontoclasm_vaults_chip, layout_vaults_omnibox, uniq_sojobo
Vaults:5
Depths:1: layout_gridlike, serial_shops, nicolae_shop_window_shopping,
          hangedman_tar_grid_catacomb, minmay_misc_feat_iff,
          nicolae_houndstooth_variations
Depths:2: evilmike_cross, layout_gridville, serial_sigils,
          serial_sigils_hangedman_clutch, serial_sigils_hangedman_gut,
          serial_sigils_hangedman_etch, serial_sigils_hangedman_stare,
          abyss_entry, grunt_pan_entry_spiral, grunt_dithmenos_smoke, hell_entry
Depths:3: hangedman_crystal_crosses_colossus [crystal_crosses_arms_four,
          crystal_crosses_arms_four, crystal_crosses_arms_two,
          crystal_crosses_arms_one], pan_entry, abyss_entry, hell_entry
Depths:4: grunt_zot_entry_gee_three, layout_basic, enter_ziggurat_f, hell_entry,
          chequers_serial_rivers_room_b, abyss_entry, uniq_margery
Zot:1:    grunt_zot_stairs_mandelzot, layout_basic, zot_minivault_6, uniq_vv
Zot:2:    layout_misc_corridors, skrybe_zot_glass_3
Zot:3:    layout_onion_interference, grunt_ministairs_5
Zot:4:    layout_basic, gammafunk_ghost_mausoleum
Zot:5:    layout_basic, st_stairs_11

Skill      XL: |  1  2  3  4  5  6  7  8  9 10 11 12 13 14 15 16 17 18 19 20 21 22 23 24 25 26 |
---------------+-------------------------------------------------------------------------------+-----
Stealth        | 2 4 |  4.0
Ice Magic      | 5 6 7 8 |  8.0
Spellcasting   | 3 5 6 7 8 9 |  9.0
Fighting       | 1 2 3 4 6 7 9 10 11 13 14 15 16 17 19 20 21 22 23 25 26 | 26.5
Armour         | 1 3 4 |  4.0
Short Blades   | 1 |  1.0
Dodging        | 3 7 12 14 16 17 18 19 20 21 22 23 24 25 | 25.8
Ranged Weapons | 3 5 8 9 10 11 13 15 17 18 19 20 22 23 24 26 | 26.0
Shields        | 1 3 |  3.0
Conjurations   | 3 4 5 |  5.0
Evocations     | 2 4 5 |  5.0
Necromancy     | 1 3 4 5 |  5.0
Shapeshifting  | 10 13 15 | 15.0
Invocations    | 6 7 |  7.0
Air Magic      | 3 4 5 |  5.0
Earth Magic    | 3 4 5 6 |  6.0

Action                     |  1- 3 |  4- 6 |  7- 9 | 10-12 | 13-15 | 16-18 | 19-21 | 22-24 | 25-27 || total
---------------------------+-------+-------+-------+-------+-------+-------+-------+-------+-------++-------
  Melee: Mace              |     2 |       |       |       |       |       |       |       |       ||     2
         Dagger            |     4 |       |       |       |       |       |       |       |       ||     4
         Short sword       |     1 |    31 |       |       |       |       |       |       |       ||    32
         Staff             |       |       |       |     5 |       |       |       |       |       ||     5
         Longbow           |       |       |       |       |       |     3 |       |       |       ||     3
   Fire: Sling             |       |    23 |   109 |   248 |       |       |       |       |       ||   380
         Longbow           |       |       |       |   149 |   810 |  1162 |  1321 |  1137 |   454 ||  5033
         Heavy crossbow    |       |       |       |       |       |    11 |       |     3 |       ||    14
  Throw: Stone             |    11 |     9 |       |       |       |       |       |       |       ||    20
         Boomerang         |       |    14 |       |       |       |       |       |       |       ||    14
         Dart              |       |       |       |     1 |       |       |       |       |       ||     1
   Cast: Freeze            |    49 |    28 |    42 |    10 |     1 |       |       |       |       ||   130
         Frozen Ramparts   |       |    13 |    25 |    29 |    33 |    38 |    29 |    27 |     7 ||   201
         Ozocubu's Armour  |       |     7 |    23 |    41 |    29 |    12 |       |       |       ||   112
         Hailstorm         |       |       |       |    15 |    33 |    19 |     2 |       |       ||    69
         Freezing Cloud    |       |       |       |       |       |       |    34 |    40 |     9 ||    83
         Borgnjor's Vile C |       |       |       |       |       |       |     7 |     6 |     3 ||    16
         Dispel Undead     |       |       |       |       |       |       |    11 |       |       ||    11
         Wereblood         |       |       |       |       |       |       |       |       |     1 ||     1
 Invoke: Slouch            |       |       |       |       |       |     1 |       |       |     3 ||     4
Ability: Hop               |       |       |     1 |     7 |     8 |     6 |     5 |     6 |     4 ||    37
  Evoke: Wand              |       |       |       |       |     3 |     4 |       |       |       ||     7
    Use: Scroll            |       |     5 |     1 |    12 |     7 |    15 |     4 |    14 |     4 ||    62
         Potion            |       |       |       |       |       |       |       |     4 |     3 ||     7
   Stab: Sleeping          |     2 |       |       |       |       |       |       |       |       ||     2
 Armour: Robe              |     6 |     1 |       |       |       |       |       |       |       ||     7
         Leather armour    |     1 |    17 |    37 |    30 |    44 |    34 |       |       |       ||   163
         Skin              |       |       |       |       |       |   228 |   212 |   228 |    85 ||   753
  Dodge: Dodged            |    17 |    44 |    47 |   141 |   333 |  1432 |  1324 |  1568 |   675 ||  5581
  Block: Buckler           |       |       |    11 |    43 |       |       |       |       |       ||    54
   Form: Statue            |       |       |       |       |       |     2 |     1 |       |       ||     3
                           |       |       |       |       |       |     1 |     1 |       |       ||     2

Table legend: (Time is in decaauts)
 A = Elapsed time spent in this place.
 B = Non-inter-level travel time spent in this place.
 C = Inter-level travel time spent in this place.
 D = Time resting spent in this place.
 E = Time spent auto-exploring this place.
 F = Levels seen in this place.
 G = Mean time per level.
                   A        B        C        D        E       F      G
               +--------+--------+--------+--------+--------+-----+--------+
         Total |  96779 |  82114 |  14665 |   2571 |  61279 |  46 | 2103.9 |
       Dungeon |  26254 |  19864 |   6390 |   1120 |  13995 |  15 | 1750.3 |
        Temple |     60 |     60 |      0 |      0 |      0 |   1 |   60.0 |
          Lair |  11083 |   9282 |   1801 |     18 |   8093 |   5 | 2216.6 |
         Swamp |   5558 |   5144 |    414 |     37 |   4012 |   4 | 1389.5 |
   Spider Nest |   9489 |   8410 |   1079 |    517 |   6392 |   4 | 2372.2 |
  Orcish Mines |   2406 |   2001 |    405 |     30 |   1576 |   2 | 1203.0 |
        Vaults |  16609 |  15275 |   1334 |    358 |  11399 |   5 | 3321.8 |
        Depths |  10975 |   8771 |   2204 |      0 |   7037 |   4 | 2743.8 |
           Zot |  12331 |  11296 |   1035 |     81 |   8219 |   5 | 2466.2 |
        Wizlab |   2009 |   2009 |      0 |    409 |    550 |   1 | 2009.0 |
               +--------+--------+--------+--------+--------+-----+--------+

Top non-repeatable levels by time:
Vaults:3: 4124 daAuts
Vaults:5: 3504 daAuts
   Zot:4: 3377 daAuts
Vaults:1: 3209 daAuts
Vaults:4: 3118 daAuts
Depths:3: 3104 daAuts
Spider:2: 3053 daAuts
   Zot:3: 2970 daAuts
Depths:1: 2910 daAuts
Depths:4: 2724 daAuts
Vaults:2: 2652 daAuts
Spider:3: 2626 daAuts
  Lair:5: 2567 daAuts
  Lair:4: 2497 daAuts
    D:11: 2457 daAuts
